 Dungeon Crawl Stone Soup version 0.27.1 (webtiles) character file.

Game seed: 16150426744746616720

90 mainiacjoe the Chopper (level 4, -1/52 HPs)
             Began as a Human Gladiator on Aug 22, 2021.
             Succumbed to a scorpion's poison
             ... on level 2 of the Dungeon.
             The game lasted 00:03:17 (2168 turns).

mainiacjoe the Chopper (Human Gladiator)            Turns: 2168, Time: 00:03:17

Health: -1/52      AC:  4    Str: 15    XL:     4   Next: 85%
Magic:  2/4        EV: 11    Int:  9    God:
Gold:   137        SH:  3    Dex: 14    Spells: 3/3 levels left

rFire    . . .     SeeInvis .   a - +0 war axe
rCold    . . .     Faith    .   q - +0 buckler
rNeg     . . .     Spirit   +   e - +0 leather armour
rPois    .         Reflect  .   c - +0 helmet
rElec    .         Harm     .   (no cloak)
rCorr    .         Rampage  .   (no gloves)
Will     .....                  (no boots)
Stlth    ..........             l - amulet of guardian spirit
HPRegen  0.17/turn              (no ring)
MPRegen  0.09/turn              (no ring)

@: berserking, lethally poisoned (-1 -> -34), very quick
A: no striking features
a: no special abilities


You were on level 2 of the Dungeon.
You visited 1 branch of the dungeon, and saw 2 of its levels.

You collected 137 gold pieces.

Inventory:

Hand Weapons
 a - a +0 war axe (weapon)
 b - a +0 hunting sling
Missiles
 d - 3 throwing nets {=F}
 i - 3 javelins
 k - 36 stones
 m - 13 poisoned darts (quivered)
 o - 5 sling bullets
 r - 24 bolts
Armour
 c - a +0 helmet (worn)
 e - a +0 leather armour (worn)
 q - a +0 buckler (worn)
Jewellery
 f - a ring of fire
 l - an amulet of guardian spirit (around neck)
Scrolls
 g - a scroll of torment {unknown}
 h - a scroll of noise {unknown}
 n - 2 scrolls of immolation {unknown}
 p - a scroll of vulnerability {unknown}
Potions
 j - a potion of berserk rage


   Skills:
 + Level 3.0 Fighting
 * Level 4.6 Axes
 - Level 2.0 Throwing
 - Level 3.0 Dodging


You had 3 spell levels left.
You didn't know any spells.
Your spell library contained the following spells:

 Spells                   Type           Power      Damage    Failure   Level
 Blink                    Tloc           N/A        N/A       77%         2
 Corpse Rot               Necr/Air       N/A        N/A       77%         2
 Poisonous Vapours        Pois/Air       0%         N/A       77%         2
 Lesser Beckoning         Tloc           0%         N/A       94%         3
 Freezing Cloud           Conj/Ice/Air   0%         6-21      100%        5
 Manifold Assault         Tloc           0%         N/A       100%        5


Dungeon Overview and Level Annotations

Branches:
Dungeon (2/15)

Altars:


Message History

The rat is severely wounded.
You kill the rat!
No target in view!
m - 12 poisoned darts (gained 1)
m - 14 poisoned darts (gained 2)
m - 15 poisoned darts (gained 1) Key pressed, stopping explore.
Found 24 bolts.
No target in view!
r - 24 bolts A scorpion comes into view.
You throw a poisoned dart. The poisoned dart hits the scorpion.
The scorpion is poisoned.
You throw a poisoned dart.
The poisoned dart barely misses the scorpion.
You hit the scorpion.
The scorpion is moderately wounded.
The scorpion stings you.
You are poisoned.
The scorpion poisons you! The scorpion stings you.
You are more poisoned.
The scorpion poisons you!
You barely miss the scorpion.
The scorpion is moderately wounded.
You feel very sick. The scorpion stings you.
You are lethally poisoned!
The scorpion poisons you!
You barely miss the scorpion.
The scorpion is moderately wounded.
* * * LOW HITPOINT WARNING * * *
You feel extremely sick. The scorpion stings you.
* * * LOW HITPOINT WARNING * * *
You are more poisoned.
The scorpion poisons you! The scorpion barely misses you.
It was a potion of berserk rage.
A red film seems to cover your vision as you go berserk!
You feel yourself moving faster!
You feel mighty!
You die...

#.###.## #.# ##. #.
#..####.# ##..
#.###.....#.####...
...##.....#....##.. #
#..##..8..####.###. ##
#.##..#......###...##. ...#
.(.................. ....
##s.#...######...### ##..
#.@##### ##.## # #..# #.# #
## #..# #.# # .#
#..###########.#### .#
#.................. .#
##########.###########.####
.# #..........##..........#
....#
#...#########.##########
...#####.##########.#


You could see a scorpion (poisoned).

Vanquished Creatures
  A howler monkey zombie (D:2)
  An adder (D:2)
  2 worms (D:2)
  4 dart slugs
  A bat skeleton (D:2)
  4 endoplasms
  3 giant cockroaches
  5 goblins
  8 hobgoblins
  2 jackals (D:1)
  2 quokkas (D:1)
  4 ball pythons (D:1)
  A ball python skeleton (D:2)
  3 bats
  A frilled lizard (D:2)
  4 kobolds
  A quokka zombie (D:2)
  9 rats
56 creatures vanquished.

Vanquished Creatures (others)
  A withered plant (D:2)
1 creature vanquished.

Grand Total: 57 creatures vanquished

Notes
Turn   | Place    | Note
-------+----------+-------------------------------------------
     0 | D:1      | mainiacjoe the Human Gladiator began the quest for the Orb.
     0 | D:1      | Reached XP level 1. HP: 16/16 MP: 1/1
    89 | D:1      | Reached XP level 2. HP: 9/22 MP: 2/2
   446 | D:1      | Reached XP level 3. HP: 9/28 MP: 3/3
  1257 | D:1      | Reached skill level 4 in Axes
  1628 | D:2      | Reached XP level 4. HP: 30/34 MP: 2/4
  2162 | D:2      | Noticed a scorpion
  2168 | D:2      | Succumbed to a scorpion's poison

Illustrated notes

Levels and vault maps discovered:
D:1:      saegor_arrival_under_anarchy, layout_loops_ring, minmay_vboxes
D:2:      layout_loops_ring, serial_undead, serial_undead_c, serial_undead_d,
          serial_undead_f, serial_undead_f,
          hellmonk_ecumenical_altar_crossroads,
          wander_ebering_terrifying_dragon_lair

Skill      XL: |  1  2  3  4 |
---------------+-------------+-----
Axes           | 4 |  4.6
Fighting       | 3 |  3.0
Throwing       | |  2.0
Dodging        | |  3.0

Action                   |  1- 3 |  4- 6 || total
-------------------------+-------+-------++-------
Melee: War axe           |    99 |    26 ||   125
Throw: Javelin           |     6 |       ||     6
       Dart              |    23 |    54 ||    77
       Stone             |    21 |       ||    21
  Use: Potion            |       |     1 ||     1
Armor: Leather armour    |    29 |     3 ||    32
Dodge: Dodged            |    84 |    12 ||    96
Block: Buckler           |       |     1 ||     1
